 Dungeon Crawl Stone Soup version 0.18.1-8-gdd0e5ea (webtiles) character file.

1427 Kook the Skirmisher (level 8, 25/73 HPs)
             Began as a Green Draconian Fighter on June 1, 2016.
             Was a Follower of Pakellas.
             Quit the game on level 7 of the Dungeon.
             The game lasted 00:26:51 (7092 turns).

Kook the Skirmisher (Green Draconian Fighter)       Turns: 7092, Time: 00:26:52

Health: 25/73      AC:  9    Str: 19    XL:     8   Next: 44%
Magic:  9/9        EV: 10    Int:  9    God:    Pakellas [*.....]
Gold:   357        SH:  9    Dex: 12    Spells: 0 memorised, 7 levels left

rFire  + . .     SeeInvis .     a - +0 long sword
rCold  . . .     Gourm    .     (armour unavailable)
rNeg   . . .     Faith    .     b - +0 shield
rPois  +         Spirit   .     (helmet restricted)
rElec  .         Dismiss  .     (no cloak)
rCorr  .         Reflect  .     (no gloves)
SustAt .         Harm     .     F - +2 pair of boots
MR     .....                    G - amulet of rage
Stlth  +.........               (no ring)
                                t - ring of protection from fire

@: heavily drained, not resistant to hostile enchantments, very unstealthy
A: breathe noxious fumes, unfitting armour, poison resistance, cold-blooded, AC
+6
a: Breathe Noxious Fumes, Quick Charge, Renounce Religion, Evoke Berserk Rage


You were on level 7 of the Dungeon.
You worshipped Pakellas.
Pakellas was aware of your devotion.
You were hungry.

You visited 2 branches of the dungeon, and saw 8 of its levels.
You also visited: Sewer.

You collected 357 gold pieces.

Inventory:

Hand Weapons
 a - a +0 long sword (weapon)
 r - a +0 blowgun
 O - a +2 falchion of protection
Missiles
 s - 37 poisoned needles
 w - 5 javelins (quivered)
Armour
 b - a +0 shield (worn)
 F - a +2 pair of boots (worn)
Magical Staves
 N - an uncursed staff of air {unknown}
Jewellery
 k - an uncursed amulet of dismissal
 n - an uncursed amulet of guardian spirit
 t - a ring of protection from fire (left hand)
 G - an amulet of rage (around neck)
 I - the amulet of Lunigh {Gourm Str+5 Int+2 Dex-2}
   (You found it on level 4 of the Dungeon)

   [amulet of the gourmand]

   It allows you to eat raw meat even when not hungry.
   It affects your strength (+5).
   It affects your intelligence (+2).
   It affects your dexterity (-2).
Wands
 y - a wand of disintegration (15/24)
 K - a wand of disintegration (7/24)
 M - a wand of polymorph (14/24)
 Q - a wand of acid (9/15)
 R - a wand of confusion (22/48)
Scrolls
 e - 2 scrolls of fog {unknown}
 i - 8 scrolls of remove curse
 m - 2 scrolls of enchant armour {unknown}
 o - 2 scrolls of teleportation {unknown}
 q - a scroll of immolation {unknown}
 A - 4 scrolls of fear {unknown}
 J - 2 scrolls of noise {unknown}
Potions
 c - 3 potions of might
 g - a potion of haste
 h - 7 potions of curing
 j - a potion of brilliance
 l - a potion of cancellation
 p - 3 potions of agility {unknown}
 v - a potion of lignification
 x - 2 potions of magic
 B - 2 potions of mutation {unknown}
 C - a potion of invisibility {unknown}
 D - 3 potions of flight
 E - a potion of degeneration {unknown}
 L - a potion of heal wounds {unknown}
Books
 P - a book of Geomancy

   Spells                             Type                      Level
   a - Sandblast                      Earth                        1
   b - Passwall                       Transmutation/Earth          2
   c - Stone Arrow                    Conjuration/Earth            3
   d - Petrify                        Transmutation/Earth          4
   e - Lee's Rapid Deconstruction     Earth                        5
Comestibles
 d - 5 bread rations
 f - 6 meat rations
 u - a slice of pizza
 z - a royal jelly
 H - 4 fruits


   Skills:
 * Level 7.4(6.0) Fighting
 * Level 5.2(3.8) Long Blades
 + Level 3.1(1.9) Throwing
 + Level 4.1(2.8) Dodging
 + Level 4.7(3.3) Shields
 * Level 2.4(1.2) Evocations


You had 7 spell levels left.
You didn't know any spells.

Dungeon Overview and Level Annotations

Branches:
Dungeon (7/15)             Temple (1/1) D:4

Altars:
Ashenzari
Cheibriados
Dithmenos
Elyvilon
Fedhas
Gozag
Kikubaaqudgha
Makhleb
Nemelex Xobeh
Okawaru
Pakellas
Qazlal
Trog
Vehumet
Xom
Yredelemnul
Zin

Annotations:
D:3 andaisq's ghost, amateur DsFi


Innate Abilities, Weirdness & Mutations

You can breathe blasts of noxious fumes.
Your lurid green scales are hard (AC +6).
Your body does not fit into most forms of armour.
Your system is resistant to poisons.
You are cold-blooded and may be slowed by cold attacks.


Message History

The wight is almost destroyed.
You block the wight's attack.
You barely miss the wight.
The wight is almost destroyed.
The wight hits you with a morningstar!
You hit the wight but do no damage.
The wight is almost destroyed.
The wight hits you but does no damage.
You closely miss the wight.
You tail-slap the wight, but do no damage.
The wight is almost destroyed.
The wight hits you with a morningstar.
You feel drained.
You hit the wight.
The wight is almost destroyed.
The wight hits you with a morningstar.
You feel drained.
You slash the wight!
You destroy the wight!
Pakellas accepts your kill.
No target in view!
Are you sure you want to abandon this character and quit the game? (Confirm with "yes".)

#### ###
... ##.##
#)###.#.##
#.@....#.#
#####...##
##.## #.#
#.# # #.#
# #.# .
#.# # ###
#######.#


There were no monsters in sight!

Vanquished Creatures
  2 eyes of draining (D:3)
  2 ogres
  Blork the orc (D:6)
  A giant frog (D:6)
  2 howler monkeys
  A wight (D:7)
  3 crimson imps
  3 hounds
  3 jellies
  A centaur skeleton (D:4)
  2 orc priests
  A giant frog skeleton (D:6)
  2 orc wizards
  Jessica (D:2)
  An iguana (D:5)
  2 worker ants (D:5)
  14 adders
  A shadow imp (D:5)
  5 oozes
  10 worms
  4 dart slugs
  3 giant geckos
  7 orcs
  3 ball pythons
  9 giant cockroaches
  4 goblins
  8 hobgoblins
  10 jackals
  12 kobolds
  9 bats
  10 giant newts
  3 rats
140 creatures vanquished.

Notes
Turn   | Place    | Note
--------------------------------------------------------------
     0 | D:1      | Kook the Draconian Fighter began the quest for the Orb.
     0 | D:1      | Reached XP level 1. HP: 19/19 MP: 1/1
   209 | D:1      | Reached XP level 2. HP: 26/26 MP: 2/2
   273 | D:1      | You fall through a shaft!
   648 | D:1      | Reached XP level 3. HP: 29/33 MP: 3/3
  1161 | D:2      | Found a blossoming altar of Fedhas.
  1178 | D:2      | Found an iron altar of Okawaru.
  1205 | D:2      | Reached skill level 4 in Fighting
  1268 | D:2      | Reached XP level 4. HP: 35/40 MP: 4/4
  1271 | D:2      | Found a burning altar of Makhleb.
  1271 | D:2      | Noticed a blizzard demon
  1339 | D:2      | Reached skill level 1 in Throwing
  1683 | D:2      | Noticed Jessica
  1686 | D:2      | Killed Jessica
  1746 | D:2      | Reached XP level 5. HP: 42/47 MP: 5/5
  2311 | D:3      | Noticed andaisq's ghost (amateur DsFi)
  2403 | D:3      | Noticed an eye of draining
  2590 | D:3      | Noticed an eye of draining
  2607 | D:3      | Killed an eye of draining
  2614 | D:3      | Killed an eye of draining
  2614 | D:3      | Reached skill level 5 in Fighting
  2614 | D:3      | Reached XP level 6. HP: 56/56 MP: 0/6
  2672 | D:3      | Found a bloodstained altar of Trog.
  3250 | D:4      | Found a glowing drain.
  3296 | Sewer    | Entered a sewer
  4443 | D:4      | Your scales start taking on a lurid green colour.
  4443 | D:4      | Reached XP level 7. HP: 24/62 MP: 7/7
  4443 | D:4      | Gained mutation: Your system is resistant to poisons. [Green Draconian growth]
  4888 | D:4      | Got a crude tin amulet
  4892 | D:4      | Identified the amulet of Lunigh {Gourm Str+5 Int+2 Dex-2} (You found it on level 4 of the Dungeon)
  4907 | D:4      | Reached skill level 6 in Fighting
  5042 | D:4      | Found a staircase to the Ecumenical Temple.
  5077 | Temple   | Entered the Ecumenical Temple
  5225 | D:4      | Found a shattered altar of Ashenzari.
  5327 | D:5      | Entered Level 5 of the Dungeon
  5442 | D:5      | Found an oddly glowing altar of Pakellas.
  5461 | D:5      | Found a white marble altar of Elyvilon.
  5461 | D:5      | Found a burning altar of Makhleb.
  5462 | D:5      | Found a snail-covered altar of Cheibriados.
  5462 | D:5      | Found a radiant altar of Vehumet.
  5462 | D:5      | Found a stormy altar of Qazlal.
  5743 | D:5      | Became a worshipper of Pakellas the Inventive
  5809 | D:5      | Reached skill level 1 in Evocations
  5918 | D:5      | Reached XP level 8. HP: 71/71 MP: 8/8
  6126 | D:5      | Reached skill level 7 in Fighting
  6293 | D:6      | Reached skill level 5 in Long Blades
  6463 | D:6      | Noticed Blork the orc
  6484 | D:6      | Killed Blork the orc
  6901 | D:6      | Reached * piety under Pakellas
  6901 | D:6      | Received a gift from Pakellas
  7092 | D:7      | Quit the game

Skill      XL: |  1  2  3  4  5  6  7  8 |
---------------+-------------------------+-----
Fighting       | 4 5 6 7 |  7.4
Throwing       | 1 2 3 |  3.1
Long Blades    | 3 4 5 |  5.2
Dodging        | 3 4 |  4.1
Shields        | 4 |  4.7
Evocations     | 1 2 |  2.4

Action                   |  1- 3 |  4- 6 |  7- 9 || total
-------------------------+-------+-------+-------++-------
Melee: Long sword        |   103 |   208 |   194 ||   505
       Tailslap          |    10 |    30 |    26 ||    66
 Fire: Blowgun           |       |    13 |       ||    13
 Abil: Breathe Noxious F |       |       |    12 ||    12
  Use: Scroll            |       |     8 |       ||     8
       Potion            |       |     1 |       ||     1
 Stab: Confused          |       |       |     4 ||     4
  Eat: Chunk             |     1 |    10 |    10 ||    21
       Pizza             |       |       |     1 ||     1
Armor: Skin              |    19 |    60 |    60 ||   139
Dodge: Dodged            |    39 |   101 |    68 ||   208
Block: Shield            |    47 |   118 |    89 ||   254
